[Event "*** Titled Tuesday 3|2 Blitz (Late)"]
[Site "Chess.com"]
[Date "2016.11.01"]
[Round "4"]
[White "ZEN-22"]
[Black "Alliswell998"]
[Result "1-0"]
[WhiteElo "2212"]
[BlackElo "2152"]
[TimeControl "180+2"]
[EndTime "17:52:03 PDT"]
[Termination "ZEN-22 won by resignation"]

1. e4 c5 2. d4 cxd4 3. c3 d3 4.
Bxd3 Nc6 5. Nf3 g6 6. Bc4 Bg7 7. Qb3 e6 8. Na3 Nge7 9. Nb5 d6 10. Bf4 e5 11. Bxf7+ Kf8 12. Ng5 exf4 13. Bg8 Ne5 14. Bxh7 Bf6 15. h4 Qb6 16. Rd1 Bd7 17. Rxd6 Qxb5 18. Rxf6+ Kg7 19. Rf7+ Kh6 20. Rxe7 Nd3+ 21.
Kd2 Nxf2 22. Qxb5 Bxb5 23. Rh2 Rad8+ 24. Kc2 Ng4 25. Nf7+ Kh5 26. Nxd8 Nxh2 27. Ne6 Kxh4 28. Nxf4 Kg3 29. Nxg6 Rd8 30. Ne5 Kxg2 31. Rxb7 Ba4+ 32. b3 Be8 33. Rg7+ Kf2 34. Rxa7 Nf1 35. Nd3+ Ke2 36. e5 Ne3+ 37. Kb2 Nd1+ 38. Ka3 Nxc3 39. Ra5 Rd4 40. e6 Kd2 41. Re5 Kc2 42. Nb2+ Kc1 43.
Nc4 Nd5 44. Re1+ Rd1 45. Rxd1+ Kxd1 46. Nd6 Bc6 47. Be4 Ne7 48. Bxc6 Nxc6 49. b4 Kc2 50. b5 Nd4 51. e7 Kc3 52. e8=Q 1-0

[Event "*** Titled Tuesday 3|2 Blitz (Late)"]
[Site "Chess.com"]
[Date "2016.11.01"]
[Round "4"]
[White "yurisolo"]
[Black "psv98"]
[Result "1-0"]
[WhiteElo "2542"]
[BlackElo "2613"]
[TimeControl "180+2"]
[EndTime "17:52:13 PDT"]
[Termination "yurisolo won by resignation"]

1. e4 c6 2. d4 d5 3. Nc3 g6 4. h3 Bg7 5. Nf3 Nh6 6. Bf4 dxe4 7. Nxe4 Nf5 8. c3 O-O 9. Be2 Nd7 10. O-O Nb6 11. Re1 Nd5 12. Bh2 b6 13. a4 Bb7 14. a5 Qc8 15. Qa4 c5 16. dxc5 Nde3 17. fxe3 Nxe3 18. Bb5 a6 19. Rxe3 axb5 20. Qxb5 Bh6 21. Ree1 Bc6 22. Qxb6 Rd8 23. b4 Rd3 24. Ne5 Bxe4 25. Rxe4 Qf5 26. Rae1 Rd2 27. Nf3 Ra2 28. Rxe7 Qc2 29. R7e2 Qxe2 30. Rxe2 Rxe2 31. c6 Be3+ 32. Kf1 Rf2+ 33. Ke1 Bxb6 34. axb6 Rxg2 35. Kf1 Rc2 36.
b7 Re8 37. c7 Rxc3 38. b8=Q Rxf3+ 39. Kg2 Re3 40. c8=Q Re2+ 41. Kh1 Re1+ 42. Bg1 Rxc8 43. Qxc8+ Re8 44. Qxe8+ 1-0

[Event "*** Titled Tuesday 3|2 Blitz (Late)"]
[Site "Chess.com"]
[Date "2016.11.01"]
[Round "4"]
[White "g2_g3"]
[Black "SwiftyMcBishop"]
[Result "0-1"]
[WhiteElo "1845"]
[BlackElo "2103"]
[TimeControl "180+2"]
[EndTime "17:52:14 PDT"]
[Termination "SwiftyMcBishop won by resignation"]

1. d4 d5 2. Nf3 Nf6 3. e3 c6 4. Bd3 e6 5. Nbd2 Bd6 6. Ne5 Nbd7 7. f4 Qe7 8. O-O c5 9. c3 h6 10. Qf3 a6 11. g4 b6 12. Nc6 Qf8 13. e4 dxe4 14. Nxe4 Bb7 15. Ne5 O-O-O 16. Nxd6+ Qxd6 17. Bxa6 Bxa6 18. Qa8+ Nb8 19. Nxf7 Qd5 20. Qxd5 exd5 21. Nxh8 Bxf1 22. Nf7 Rf8 23. Nxh6 gxh6 24. Kxf1 Nxg4 25.
h3 Nf6 26. Be3 c4 27. Kf2 Nc6 28. Rg1 Rg8 29. Rxg8+ Nxg8 30. Kf3 Kd7 31. Kg4 Ke6 32.
f5+ Kf6 33. h4 Nce7 34. Bf4 Nxf5 35. Be5+ Ke6 36. b3 Ne3+ 37. Kf3 Nd1 38. bxc4 dxc4 39.
Bg7 Nxc3 40. Ke3 Kd5 41. Kd2 Nxa2 42. Kc2 Nb4+ 43. Kc3 Nc6 44. h5 b5 0-1

[Event "*** Titled Tuesday 3|2 Blitz (Late)"]
[Site "Chess.com"]
[Date "2016.11.01"]
[Round "4"]
[White "DanielNaroditsky"]
[Black "Evgeny_Levin"]
[Result "0-1"]
[WhiteElo "2732"]
[BlackElo "2729"]
[TimeControl "180+2"]
[EndTime "17:52:23 PDT"]
[Termination "Evgeny_Levin won by checkmate"]

1. d4 Nf6 2. Bf4 g6 3. Nc3 d5 4. Qd2 Bg7 5. Bh6 O-O 6. h4 c5 7.
Bxg7 Kxg7 8. e3 Nc6 9. O-O-O cxd4 10. exd4 Bf5 11. h5 Rc8 12. hxg6 fxg6 13. Qh6+ Kg8 14. g4 Bxg4 15. Be2 Rf7 16. Nh3 Bxe2 17. Nxe2 Nb4 18. c3 Qb6 19. Ng5 Nxa2+ 20. Kb1 Nxc3+ 21. Nxc3 Rxc3 22. Nxf7 Kxf7 23. Rhe1 Qb3 24. Rd2 Rc6 25. Re3 Qc4 26. Qh1 Ra6 27. b3 Qb4 28. Qe1 Qa3 29. Kc2 Ne4 30. Rxe4 dxe4 31. Qxe4 Rc6+ 32. Kb1 Rc1# 0-1

[Event "*** Titled Tuesday 3|2 Blitz (Late)"]
[Site "Chess.com"]
[Date "2016.11.01"]
[Round "4"]
[White "GMKrikor"]
[Black "cheese111"]
[Result "1-0"]
[WhiteElo "2530"]
[BlackElo "2254"]
[TimeControl "180+2"]
[EndTime "17:52:26 PDT"]
[Termination "GMKrikor won by checkmate"]

1. e4 d5 2. exd5 Nf6 3. d4 Bg4 4. Be2 Bxe2 5. Qxe2 Qxd5 6. Nf3 e6 7. c4 Qh5 8. Nc3 Be7 9. Bf4 c6 10. O-O-O O-O 11.
h3 Qa5 12. Kb1 Nbd7 13. g4 Nb6 14. Ne5 Bb4 15. Bd2 Bxc3 16. Bxc3 Qa6 17. g5 Nfd7 18. b3 Nxe5 19. Qxe5 Nd7 20. Qe4 Rfd8 21. h4 c5 22. d5 exd5 23. Rxd5 Nf8 24. h5 Rxd5 25. Qxd5 Qe6 26.
Rd1 Re8 27. h6 Qg6+ 28. Kc1 Re2 29. Bd2 gxh6 30. gxh6 Qf6 31. Kc2 Ne6 32. Rg1+ Kf8 33. Qd6+ Ke8 34. Rg8+ Nf8 35. Rxf8# 1-0

[Event "*** Titled Tuesday 3|2 Blitz (Late)"]
[Site "Chess.com"]
[Date "2016.11.01"]
[Round "4"]
[White "Fandorine"]
[Black "Zaven_ChessMood"]
[Result "0-1"]
[WhiteElo "2651"]
[BlackElo "2823"]
[TimeControl "180+2"]
[EndTime "17:52:29 PDT"]
[Termination "Zaven_ChessMood won on time"]

1. d4 Nf6 2. Bf4 g6 3. Nc3 d6 4. Qd2 Bg7 5. Bh6 Bxh6 6. Qxh6 c6 7. O-O-O Qa5 8. e4 Be6 9. Kb1 Na6 10. Nf3 Nc7 11.
Ng5 b5 12. Nxe6 Nxe6 13. f3 b4 14. Ne2 c5 15. dxc5 Qxc5 16. Nf4 Nxf4 17. Qxf4 O-O 18. h4 Rfc8 19. Bd3 a5 20. h5 a4 21. hxg6 fxg6 22.
g4 a3 23. b3 Qc3 24. Qc1 Ra5 25. g5 Rxg5 26. Bc4+ Rxc4 27. bxc4 Rg2 28. Rd3 Qxc4 29. Rg1 Rf2 30. Rf1 Rh2 31. Rh1 Rxh1 32. Qxh1 Nd7 33. Qe1 Nc5 34. Rd1 Na4 35. Rd3 Nc3+ 36. Kc1 Nxa2+ 37.
Kd2 Nc3 38. Qg1 a2 39. Qa7 Kf7 40. Qa8 Nb1+ 41. Ke3 Na3 0-1

[Event "*** Titled Tuesday 3|2 Blitz (Late)"]
[Site "Chess.com"]
[Date "2016.11.01"]
[Round "4"]
[White "Rating-Schmating"]
[Black "attack2mateU"]
[Result "0-1"]
[WhiteElo "2241"]
[BlackElo "2442"]
[TimeControl "180+2"]
[EndTime "17:52:29 PDT"]
[Termination "attack2mateU won by resignation"]

1. e4 c5 2. Nf3 d6 3. d4 cxd4 4.
Nxd4 Nf6 5. Nc3 a6 6. h3 e6 7. Be3 b5 8. a3 Bb7 9. Bd3 Nbd7 10. O-O Nc5 11. f3 Be7 12. Be2 O-O 13. Qe1 g6 14. Qf2 Qc7 15. Rad1 Rfd8 16. Nb3 Nxb3 17. cxb3 d5 18.
Bb6 Qf4 19. Bxd8 Rxd8 20. exd5 Nxd5 21. Nxd5 Bxd5 22. b4 Bd6 23. g3 Qxg3+ 24. Qxg3 Bxg3 25. Kg2 Bf4 26. Bd3 Rc8 27. Rf2 Bb3 28. Re1 e5 29.
Ree2 Kg7 30. Bc2 Bc4 31. Re1 f5 32. Rd1 Kf6 33. Rd6+ Kg5 34. Bd1 e4 35. b3 Bxd6 36. bxc4 Rxc4 37. fxe4 fxe4 38. Bc2 e3 39. Re2 Kf4 40.
Bd3 Rd4 41. Bc2 Rd2 42. Rxd2 exd2 43. Kf2 Be5 44. Ke2 Bb2 45. a4 Ba3 46. axb5 axb5 47. Bd3 Bxb4 48. Bxb5 Kg3 49. Bd7 Kh4 50. Be6 g5 51. Bf5 h5 52. Kd1 g4 53. hxg4 hxg4 54. Ke2 g3 55. Bc2 Kh3 56. Be4 Kh2 57. Kd1 g2 58. Bxg2 Kxg2 59. Ke2 Kg3 60. Kd1 Kf2 61. Kc2 Ke2 0-1

[Event "*** Titled Tuesday 3|2 Blitz (Late)"]
[Site "Chess.com"]
[Date "2016.11.01"]
[Round "4"]
[White "platy3"]
[Black "pKiLz5Rn9b"]
[Result "1-0"]
[WhiteElo "2686"]
[BlackElo "2494"]
[TimeControl "180+2"]
[EndTime "17:52:40 PDT"]
[Termination "platy3 won by resignation"]

1. e4 e6 2. d4 d5 3. Nc3 dxe4 4.
Nxe4 Nd7 5. Nf3 Ngf6 6. Nxf6+ Nxf6 7. c3 c5 8. Ne5 a6 9. Be3 Qc7 10. Qa4+ Nd7 11. O-O-O Ra7 12. Bb5 axb5 13. Qxa7 cxd4 14. Nxd7 Bxd7 15. Qxd4 f6 16. Rhe1 Be7 17. Qb6 Qc6 18. f3 Kf7 19. Qxc6 Bxc6 20. a3 Bd5 21. Bb6 Rc8 22.
Ba5 Bd6 23. h3 h5 24. Bb4 Bf4+ 25. Kb1 g5 26. Rxd5 exd5 27. Re7+ Kg6 28. Rxb7 d4 29.
cxd4 Rc1+ 30. Ka2 Rd1 31. Bc3 Rg1 32. Rxb5 Rxg2 33. a4 Rf2 34. a5 Rxf3 35. a6 Re3 36. d5 g4 37. hxg4 hxg4 38. Rb4 Kf5 39. Rxf4+ Kxf4 40. Bd2 g3 41. a7 g2 42. Bxe3+ 1-0

[Event "*** Titled Tuesday 3|2 Blitz (Late)"]
[Site "Chess.com"]
[Date "2016.11.01"]
[Round "4"]
[White "jcgs1030"]
[Black "FearlessKing64"]
[Result "1-0"]
[WhiteElo "2249"]
[BlackElo "2159"]
[TimeControl "180+2"]
[EndTime "17:52:45 PDT"]
[Termination "jcgs1030 won by resignation"]

1. e4 c5 2. Nf3 d6 3. d4 cxd4 4. Nxd4 Nf6 5. Nc3 a6 6. Bg5 e6 7. f4 Be7 8. Qf3 h6 9. Bh4 g5 10. fxg5 Nfd7 11. Nxe6 fxe6 12. Qh5+ Kf8 13. Bb5 Kg7 14. O-O Ne5 15. Bg3 Ng6 16. Bd3 hxg5 17. Qe2 Nc6 18. Rad1 Nce5 19. h3 Bd7 20. Nb1 Qb6+ 21.
Kh2 g4 22. c3 Raf8 23. Na3 Nf3+ 24. gxf3 Rxh3+ 25. Kg2 Rxg3+ 26. Kxg3 Bh4+ 27. Kh2 Rh8 28. fxg4 Bf2+ 29. Kg2 Nf4+ 30. Kf3 Nxe2 31. Rxf2 Rh3+ 32. Kxe2 Qxb2+ 33. Nc2 Rxd3 34. Kxd3 Bb5+ 35. Kd2 Ba4 36. Rc1 Qxa2 37. Ke3 Bxc2 38. Rcxc2 Qc4 39. Kf3 Qd3+ 40.
Kf4 Kg6 41. g5 e5+ 42. Kg4 Qxe4+ 43. Kg3 Kxg5 44. Rce2 Qd3+ 45. Kh2 Qxc3 46. Rf8 e4 47. Rg2+ Kh6 48. Rfg8 Qe5+ 49. R8g3 e3 50. Kh1 d5 51. Rh2+ 1-0

[Event "*** Titled Tuesday 3|2 Blitz (Late)"]
[Site "Chess.com"]
[Date "2016.11.01"]
[Round "4"]
[White "pastouche06"]
[Black "Dlugy"]
[Result "1-0"]
[WhiteElo "2305"]
[BlackElo "2560"]
[TimeControl "180+2"]
[EndTime "17:52:45 PDT"]
[Termination "pastouche06 won by checkmate"]

1. d4 Nf6 2. c4 g6 3. Nc3 Bg7 4. e4 O-O 5. Be2 d6 6. Nf3 e5 7. d5 Na6 8. Nd2 Nc5 9. h4 h5 10.
b4 Ncd7 11. a3 a5 12. Rb1 axb4 13. axb4 Nh7 14. g4 hxg4 15. Bxg4 Ndf6 16. Be2 Qd7 17.
Nf1 Ng4 18. h5 c6 19. Ng3 Ngf6 20. hxg6 fxg6 21. Bh6 Bxh6 22. Rxh6 Kg7 23. Rh1 cxd5 24.
Qd2 d4 25. Qh6+ Kg8 26. Qxg6+ Qg7 27. Qxg7+ Kxg7 28. Nb5 Rd8 29. Kd2 Ra2+ 30. Kd3 Kf7 31. Rbg1 Rb2 32. Bh5+ Kf8 33. Bg6 Ng5 34. Nf5 Bxf5 35.
Rxg5 Nxe4 36. Rxf5+ Kg7 37. Kxe4 Kxg6 38. Rf3 Rxb4 39.
Rg1+ Kh5 40. Rh3# 1-0

[Event "*** Titled Tuesday 3|2 Blitz (Late)"]
[Site "Chess.com"]
[Date "2016.11.01"]
[Round "4"]
[White "calemcc"]
[Black "GianmarcoVaR"]
[Result "0-1"]
[WhiteElo "2214"]
[BlackElo "2415"]
[TimeControl "180+2"]
[EndTime "17:53:05 PDT"]
[Termination "GianmarcoVaR won by checkmate"]

1. d4 g6 2. c4 Bg7 3. Nc3 d6 4. e4 e5 5. Nge2 Nc6 6. Be3 f5 7. f3 Nf6 8. d5 Ne7 9. c5 fxe4 10.
fxe4 Ng4 11. Bg1 Bh6 12. h3 Ne3 13. Qd3 Nxf1 14. Kxf1 O-O+ 15. Ke1 Kg7 16. Be3 Ng8 17. Bxh6+ Nxh6 18. cxd6 cxd6 19. Kd2 Qb6 20. Kc2 Rf2 21. Raf1 Bd7 22. Rxf2 Qxf2 23. Qg3 Rf8 24. Qxf2 Rxf2 25.
g4 Nf7 26. Kd3 Ng5 27. Ke3 Rf3+ 28. Kd2 Nxh3 29. Ng1 Nxg1 30. Rxg1 Rf2+ 31. Kc1 h6 32. Nd1 Rf4 33. g5 Rxe4 34. gxh6+ Kxh6 35. Nc3 Rf4 36. Nd1 g5 37. Rg2 g4 38. Ne3 Kg5 39. Kd2 Rd4+ 40.
Ke2 Bb5+ 41. Ke1 Bc4 42. Rc2 Bxd5 43. Rc7 Kf4 44. Nxd5+ Rxd5 45. Rxb7 a5 46. Rg7 Kf3 47. Rf7+ Ke3 48. Rg7 Rd4 49. b3 a4 50. Rg6 axb3 51.
axb3 d5 52. Rg5 Kf4 53. Rg8 Rb4 54. Rf8+ Ke3 55. Re8 e4 56. Kf1 d4 57. Kg2 d3 58.
Rd8 Rd4 59. Rg8 d2 60. Rxg4 d1=Q 61. Kh3 Qh1+ 62. Kg3 Rd1 63. Rxe4+ Qxe4 64. Kh2 Rh1+ 65. Kg3 Qg6# 0-1

[Event "*** Titled Tuesday 3|2 Blitz (Late)"]
[Site "Chess.com"]
[Date "2016.11.01"]
[Round "4"]
[White "Wilsonpalencia"]
[Black "michaelk123"]
[Result "1-0"]
[WhiteElo "2212"]
[BlackElo "2141"]
[TimeControl "180+2"]
[EndTime "17:53:18 PDT"]
[Termination "Wilsonpalencia won on time"]

1. e4 e6 2. d4 d5 3. Nd2 c5 4.
exd5 Qxd5 5. Ngf3 cxd4 6. Bc4 Qd7 7. O-O Nc6 8. Nb3 Nf6 9. Nbxd4 Nxd4 10. Nxd4 a6 11.
Bf4 b5 12. Bb3 Bc5 13. Be5 O-O 14. c3 Bb7 15. a4 b4 16. cxb4 Bxb4 17. Rc1 Rac8 18.
Rxc8 Rxc8 19. Bxf6 gxf6 20. Nxe6 Qxd1 21. Rxd1 fxe6 22. Bxe6+ Kg7 23. Bxc8 Bxc8 24. Rc1 Bf5 25. g4 Bd3 26. f3 a5 27. Kg2 Bg6 28. h4 Be8 29. Rc7+ Kg6 30. h5+ Kh6 31. Kh3 Bxa4 32. Rf7 Kg5 33. Rxh7 Bc6 34. Rg7+ Kf4 35. h6 Bf8 36.
Rg6 Bxh6 37. Rxh6 Ke5 38. Kg3 a4 39. f4+ Kd4 40. g5 1-0

[Event "*** Titled Tuesday 3|2 Blitz (Late)"]
[Site "Chess.com"]
[Date "2016.11.01"]
[Round "4"]
[White "PaulfromSPb"]
[Black "KNVB"]
[Result "1-0"]
[WhiteElo "2502"]
[BlackElo "2582"]
[TimeControl "180+2"]
[EndTime "17:53:29 PDT"]
[Termination "PaulfromSPb won on time"]

1. e4 e6 2. d4 d5 3. Nd2 c5 4.
Ngf3 cxd4 5. Nxd4 Nf6 6. e5 Nfd7 7. N2f3 Nc6 8. Bf4 Qb6 9. Nb3 a5 10. a4 Nc5 11. Be3 Qb4+ 12. Bd2 Qe4+ 13. Qe2 Nxb3 14. cxb3 Bd7 15. Bc3 Qxe2+ 16. Bxe2 Bc5 17. Rd1 b6 18. O-O Ke7 19. Bb5 Nb4 20. Be2 Rhc8 21. Nd4 g5 22. h3 h6 23. Rfe1 Na2 24. Nb5 Bxb5 25. Bxb5 Bb4 26. Bxb4+ Nxb4 27. Rc1 Rc5 28. Rxc5 bxc5 29. Kf1 Rc8 30. Rc1 f6 31. exf6+ Kxf6 32. Ke2 Ke5 33. Kd2 Kd6 34. f3 Rf8 35. Rh1 Rf4 36. Ke3 Nc2+ 37.
Kd3 Nd4 38. Kc3 h5 39. Bd3 h4 40. Re1 Nxb3 41. Kxb3 c4+ 42. Bxc4 Rxc4 43. Re2 e5 44.
Rd2 Rb4+ 45. Ka3 d4 46. b3 Rb6 47. Kb2 Rc6 48. b4 Rc4 49. bxa5 Rxa4 50. Kc2 Ra2+ 51. Kd3 Rxd2+ 52. Kxd2 Kc5 53. Kd3 1-0

[Event "*** Titled Tuesday 3|2 Blitz (Late)"]
[Site "Chess.com"]
[Date "2016.11.01"]
[Round "4"]
[White "Divertissement"]
[Black "Nyzhnyk_Illia"]
[Result "0-1"]
[WhiteElo "2336"]
[BlackElo "2553"]
[TimeControl "180+2"]
[EndTime "17:53:38 PDT"]
[Termination "Nyzhnyk_Illia won by checkmate"]

1. Nf3 Nf6 2. c4 g6 3. Nc3 Bg7 4. g3 O-O 5. d4 d6 6. Bg2 Nc6 7. O-O Bg4 8. h3 Bxf3 9. Bxf3 Nd7 10. e3 e5 11. d5 Ne7 12. e4 f5 13. exf5 gxf5 14.
Bg2 Ng6 15. Qc2 Qf6 16. b3 h5 17. h4 e4 18. Bb2 Nge5 19. Nb5 Rfc8 20. Nd4 Nc5 21.
Ba3 Ned3 22. Bxc5 Nxc5 23. Rad1 Qg6 24. Ne2 Nd3 25. Rxd3 exd3 26. Qxd3 Be5 27. Bf3 Kg7 28. Kg2 Rf8 29. Ng1 Rae8 30. Nh3 f4 31. Be4 f3+ 32.
Kh2 Qg4 33. Rg1 Rf6 34. Nf4 Kh6 35. Bxf3 Qf5 36. Be4 Qd7 37. Qf3 Qg4 38. Qxg4 hxg4 39. Ne6 Rxf2+ 40. Rg2 Rf1 41. Re2 Rg8 42. Kg2 Rf7 43.
Ng5 Rf6 44. Nh7 Rf3 45. Ng5 Rxg3+ 46. Kf2 Rf8+ 47. Ke1 Rg1+ 48. Kd2 g3 49. Ne6 Rf2 50. Ng5 Bc3+ 51. Kd3 Rd1+ 52. Ke3 Bd4# 0-1

[Event "*** Titled Tuesday 3|2 Blitz (Late)"]
[Site "Chess.com"]
[Date "2016.11.01"]
[Round "4"]
[White "micfel"]
[Black "dretch"]
[Result "0-1"]
[WhiteElo "2283"]
[BlackElo "2627"]
[TimeControl "180+2"]
[EndTime "17:53:41 PDT"]
[Termination "dretch won on time"]

1. e4 e6 2. d4 d5 3. Nd2 c5 4. dxc5 Bxc5 5. Bd3 Nf6 6. Qe2 Nc6 7. c3 O-O 8. e5 Nxe5 9. Qxe5 Bxf2+ 10. Kf1 Bb6 11.
Ndf3 Bc7 12. Qg5 Qd6 13. Qh4 e5 14. Bc2 e4 15. Nd4 Ng4 16. h3 Bd8 17. Bg5 Ne3+ 18. Kf2 Nxg2 19. Kxg2 Qg6 20. Nge2 Bxg5 21. Qg3 Qh6 22. h4 Be7 23. Bb3 Be6 24. Qf4 Qg6+ 25.
Kf1 h5 26. Rg1 Bh3+ 27. Kf2 Bg4 28. Rh1 Rad8 29. Rag1 f5 30. Ke1 Kh7 31. Qe3 Qb6 32.
Nf4 Bc5 33. Kd2 a5 34. Kc2 Rc8 35. Kb1 a4 36. Bxa4 Qd6 37. Bb3 Rcd8 38. Nxd5 Qe5 39. Nf4 Rxd4 40. cxd4 Bxd4 41. Qc1 Bxg1 42. Rxg1 e3 43. Nd3 Qe4 44. Bc2 Rc8 45. Qe1 f4 0-1

[Event "*** Titled Tuesday 3|2 Blitz (Late)"]
[Site "Chess.com"]
[Date "2016.11.01"]
[Round "4"]
[White "RobertoJBM"]
[Black "Rozum_Ivan"]
[Result "0-1"]
[WhiteElo "2534"]
[BlackElo "2599"]
[TimeControl "180+2"]
[EndTime "17:53:44 PDT"]
[Termination "Rozum_Ivan won by resignation"]

1. d4 Nf6 2. Nc3 d5 3. Bg5 c6 4. Qd2 h6 5. Bh4 g6 6. f3 Bg7 7. e4 dxe4 8. fxe4 g5 9. Bg3 Nh5 10. Bf2 Nf4 11. O-O-O Bg4 12. Re1 Nd7 13. g3 Ne6 14.
Be2 Bxe2 15. Ngxe2 Qa5 16. Kb1 O-O-O 17. Qe3 Nb6 18. Rd1 Nc4 19. Qc1 Qb4 20. Rd3 Nxd4 21. Nxd4 Bxd4 22. Bxd4 Rxd4 23. Rxd4 Na3+ 24. Ka1 Qxd4 25.
Rd1 Qe5 26. Qd2 Nc4 27. Qd3 Nb6 28. Kb1 h5 29. Qf3 f6 30. Qf5+ Qxf5 31. exf5 Rd8 32.
Re1 Rd7 33. b3 Nd5 34. Ne4 b6 35. Kb2 Kd8 36. a3 Nc7 37. Re2 Ne8 38. Rf2 Nd6 39. Nd2 Ke8 40. a4 Kf7 41. Kc3 Ne8 42. Ne4 Rd5 43. h3 Re5 44. Kd4 Rd5+ 45. Ke3 Nd6 46.
Nxd6+ Rxd6 47. g4 h4 48. Ke4 Rd5 49. Rf3 Ke8 50. c4 Re5+ 51. Kd4 Kd7 52. b4 c5+ 53. bxc5 Rxc5 54. Kc3 Re5 55. Rd3+ Kc7 56. Kb4 Re1 57.
Kc3 Rg1 58. Kd4 Rg3 59. Rd2 Rxh3 60. Re2 Kd7 61. c5 Ra3 62. cxb6 Rxa4+ 63. Kc5 axb6+ 64. Kb5 Rxg4 65. Rd2+ Ke8 66. Kxb6 Rf4 0-1

[Event "*** Titled Tuesday 3|2 Blitz (Late)"]
[Site "Chess.com"]
[Date "2016.11.01"]
[Round "4"]
[White "GM_Barcenilla"]
[Black "nihalsarin"]
[Result "1-0"]
[WhiteElo "2692"]
[BlackElo "2499"]
[TimeControl "180+2"]
[EndTime "17:53:46 PDT"]
[Termination "GM_Barcenilla won by resignation"]

1. c4 Nf6 2. g3 e5 3. Bg2 d5 4.
cxd5 Nxd5 5. Nc3 Nb6 6. Nf3 Nc6 7. O-O Be7 8. d3 O-O 9. Be3 Re8 10. Rc1 Bf8 11.
a3 Nd4 12. Ne4 Be6 13. Nc5 Bd5 14. Bxd4 exd4 15. Re1 a5 16. Nb3 g5 17. Bh3 Bxf3 18. exf3 Rxe1+ 19. Qxe1 Qd5 20. Nd2 c6 21. Qe4 Qxe4 22.
fxe4 Na4 23. Rc2 Nc5 24. Bf1 a4 25. Nf3 Ne6 26. Bh3 Nc5 27. Bf1 Ne6 28. Rc4 c5 29.
Bh3 b5 30. Rc1 h6 31. Kf1 Bd6 32. Ke2 Kf8 33. e5 Be7 34. Nd2 Rc8 35. Bg2 f6 36. exf6 Bxf6 37. Bd5 Ke7 38. Ne4 Be5 39. Bxe6 Kxe6 40.
Rxc5 Rxc5 41. Nxc5+ Kd5 42. Ne4 Bg7 43. Kf3 Ke6 44.
Kg4 Bf8 45. Kh5 Kf7 46. h4 gxh4 47. Kxh4 b4 48. axb4 Bxb4 49. Kh5 Ke6 50. Kxh6 Kd5 51. g4 Kc6 52. g5 Bc3 53. g6 Bxb2 54. g7 a3 55. g8=Q 1-0

[Event "*** Titled Tuesday 3|2 Blitz (Late)"]
[Site "Chess.com"]
[Date "2016.11.01"]
[Round "4"]
[White "keisyzrk"]
[Black "Abrito99"]
[Result "1-0"]
[WhiteElo "2231"]
[BlackElo "2357"]
[TimeControl "180+2"]
[EndTime "17:53:49 PDT"]
[Termination "keisyzrk won by resignation"]

1. e4 e6 2. d3 d5 3. Nd2 Nf6 4.
Ngf3 Nc6 5. g3 e5 6. Bg2 Bc5 7. O-O O-O 8. exd5 Nxd5 9. Nc4 f6 10. c3 Be6 11. Ne3 a5 12. Nxd5 Bxd5 13. Be3 Be7 14. d4 exd4 15. Nxd4 Bxg2 16. Kxg2 Qd5+ 17. Qf3 Qxf3+ 18.
Kxf3 Ne5+ 19. Kg2 Kf7 20. Bf4 c6 21. Bxe5 fxe5 22. Nf3 Bf6 23. Nd2 Rad8 24. Ne4 Rd5 25. f4 exf4 26. Rxf4 Kg6 27. Raf1 Re5 28. h4 h5 29. Kh3 Rb5 30. b3 Re5 31. c4 a4 32.
bxa4 Ra5 33. R1f2 Rxa4 34. Nc5 Ra7 35. Nd7 Rf7 36. Ne5+ Bxe5 37. Rxf7 Ra3 38. R7f3 Ra4 39. Re2 Bf6 40. Rf4 Rb4 41. c5 Rb1 42. a4 Rc1 43.
Rb4 Rxc5 44. Rxb7 Ra5 45. Ra2 c5 46. Rb5 Rxb5 47. axb5 Kf5 48. Rc2 Bd4 49. b6 1-0

[Event "*** Titled Tuesday 3|2 Blitz (Late)"]
[Site "Chess.com"]
[Date "2016.11.01"]
[Round "4"]
[White "Rumpel-VK"]
[Black "pedromartinez91"]
[Result "1-0"]
[WhiteElo "2482"]
[BlackElo "2298"]
[TimeControl "180+2"]
[EndTime "17:53:52 PDT"]
[Termination "Rumpel-VK won on time"]

1. e4 c5 2. g3 d5 3. exd5 Qxd5 4. Nf3 Nc6 5. Bg2 e5 6. O-O Qd6 7. Nc3 Be7 8. d3 Nf6 9. Bg5 O-O 10. Bxf6 Bxf6 11.
Ne4 Qe7 12. Qe1 Bd7 13. Qc3 Rac8 14. Qxc5 Qxc5 15. Nxc5 Bg4 16. Ne4 Bxf3 17. Nxf6+ gxf6 18. Bxf3 Nd4 19. Bxb7 Rxc2 20. b3 Rd8 21. Kg2 Ne6 22. Ba6 Nc5 23. Bc4 Nxd3 24. Rad1 e4 25. a4 f5 26. Kg1 Rd4 27. f3 Rd7 28. fxe4 fxe4 29. Rf4 Nxf4 30. Rxd7 Nh3+ 31. Kf1 Rf2+ 32. Ke1 e3 33. Re7 Rxh2 34. Rxe3 Ng5 35. Re7 a5 36. Kd1 h5 37. Re5 Nf3 38. Rxa5 Kg7 39. Rf5 Rf2 40. Rxf7+ Kg6 41. Rd7 Rg2 42. a5 Rxg3 43. a6 Ne5 44. a7 Rg1+ 45. Kc2 Ra1 46. Rd6+ 1-0

[Event "*** Titled Tuesday 3|2 Blitz (Late)"]
[Site "Chess.com"]
[Date "2016.11.01"]
[Round "4"]
[White "Aygehovit1992"]
[Black "oskariot"]
[Result "1-0"]
[WhiteElo "2437"]
[BlackElo "2364"]
[TimeControl "180+2"]
[EndTime "17:53:59 PDT"]
[Termination "Aygehovit1992 won on time"]

1. e4 c5 2. Nf3 d6 3. Bb5+ Nd7 4.
O-O a6 5. Bxd7+ Bxd7 6. d4 cxd4 7.
Nxd4 Nf6 8. Nc3 e6 9. Bg5 Be7 10. Qd2 O-O 11. Rad1 Rc8 12. Nb3 Qc7 13. Bxf6 gxf6 14.
Qh6 Kh8 15. Rd3 Rg8 16. Rh3 Rg7 17. Rg3 Rcg8 18. Qd2 Qb6 19. Rxg7 Rxg7 20. Re1 Rg5 21. Nd1 d5 22. Ne3 Bc6 23. exd5 Bxd5 24. Nxd5 Rxd5 25. Qf4 Qb4 26. Qxb4 Bxb4 27. c3 Be7 28. Kf1 f5 29.
Ke2 Kg7 30. Rd1 Rb5 31. Rd7 Kf6 32. Kd3 e5 33. c4 Rb6 34. c5 Rb5 35. Kc4 Ke6 36. Rc7 Bd8 37. Rc8 Kd7 38. Ra8 Ba5 39. Rf8 Ke7 40. Rb8 Be1 41. f3 e4 42. fxe4 fxe4 43.
Nd4 Rb4+ 44. Kd5 e3 45. c6 bxc6+ 46. Nxc6+ Kf6 47. Nxb4 e2 48. Nd3 1-0

[Event "*** Titled Tuesday 3|2 Blitz (Late)"]
[Site "Chess.com"]
[Date "2016.11.01"]
[Round "4"]
[White "brightthunder"]
[Black "nonscitis"]
[Result "1-0"]
[WhiteElo "2546"]
[BlackElo "2313"]
[TimeControl "180+2"]
[EndTime "17:54:15 PDT"]
[Termination "brightthunder won by resignation"]

1. e4 c5 2. Nf3 e6 3. d4 cxd4 4. Nxd4 Nf6 5. Nc3 Nc6 6. Nxc6 bxc6 7. e5 Nd5 8. Ne4 Qc7 9. f4 Qb6 10. c4 Ne3 11. Qd3 Bb4+ 12. Ke2 Nxc4 13. Kf3 Ba6 14. Qb3 Na5 15. Qc2 Bxf1 16. Rxf1 O-O 17. Be3 Qa6 18. a3 Be7 19. b4 Nc4 20. Bc5 Rfe8 21. Rfc1 Nb6 22.
Bxe7 Rxe7 23. Nc5 Qc8 24. Qe4 Nd5 25. h4 f5 26. Qc4 Qe8 27. g3 Nb6 28. Qd3 Nd5 29.
Kf2 Qh5 30. Nb7 Ree8 31. Nd6 Reb8 32. Rc5 Qh6 33. Qd2 Qg6 34. Rac1 a6 35. R1c2 Qg4 36. Qe2 Qh3 37. Qf3 Qh2+ 38. Ke1 Qg1+ 39. Kd2 Qd4+ 40.
Qd3 Qf2+ 41. Kc1 Qe1+ 42. Kb2 Ne3 43. Re2 Nd1+ 44. Ka2 Qf1 45. Rc1 Nf2 46. Qe3 Qg2 47.
Rxf2 Qd5+ 48. Qb3 Qxb3+ 49. Kxb3 a5 50. Rc5 axb4 51. axb4 Ra1 52. b5 cxb5 53. Rfc2 Rb1+ 54. Ka2 Rb4 55. Rc8+ 1-0

[Event "*** Titled Tuesday 3|2 Blitz (Late)"]
[Site "Chess.com"]
[Date "2016.11.01"]
[Round "4"]
[White "hardingstoptry"]
[Black "fastestmindalive"]
[Result "1-0"]
[WhiteElo "2591"]
[BlackElo "2527"]
[TimeControl "180+2"]
[EndTime "17:54:18 PDT"]
[Termination "hardingstoptry won by checkmate"]

1. Nf3 Nf6 2. g3 b5 3. Bg2 Bb7 4. d3 e6 5. O-O d5 6. Nbd2 Be7 7. Re1 c5 8. e4 Nc6 9. c3 a5 10. b3 a4 11. c4 dxc4 12. bxc4 b4 13. Nf1 O-O 14. e5 Nd7 15. Bf4 Qb6 16. h4 Nd4 17.
N1d2 Nxf3+ 18. Nxf3 Rfd8 19. Ng5 Bxg2 20. Kxg2 Nf8 21. h5 Rd4 22. h6 Ng6 23. Qf3 Qd8 24. Bd2 Bxg5 25. Bxg5 Qxg5 26. Qxa8+ Rd8 27. Qxa4 Nh4+ 28.
Kh2 Nf3+ 29. Kg2 Nh4+ 30. Kh2 Nf3+ 31. Kg2 Nxe1+ 32. Rxe1 gxh6 33. a3 Qd2 34. Re4 h5 35. Rf4 Qxd3 36. axb4 cxb4 37. Qxb4 Rd4 38. Qb8+ Kg7 39.
Rf3 Qe4 40. Qc7 Qg6 41. c5 Rd5 42. c6 h4 43. Kh3 Qh5 44. g4 Qg6 45. Kh2 Rd3 46.
Rf4 Rd2 47. Qe7 Rc2 48. c7 h5 49. Rf6 Rxf2+ 50. Rxf2 hxg4 51. c8=Q g3+ 52. Kh3 gxf2 53. Qef8+ Kh7 54. Qh8# 1-0